 Dungeon Crawl Stone Soup version 0.24.0-2-g5b39cebb1c (webtiles) character file.

Game seed: 5049009683686845012, levelgen mode: deterministic

230 Mrkan the Covered (level 6, 0/43 HPs)
             Began as a Halfling Fighter on Oct 29, 2019.
             Was an Initiate of Dithmenos.
             Slain by a centaur (3 damage)
             ... on level 4 of the Dungeon.
             The game lasted 00:04:12 (2616 turns).

Mrkan the Covered (Halfling Fighter)                Turns: 2616, Time: 00:04:13

Health: 0/43       AC:  8    Str: 19    XL:     6   Next: 24%
Magic:  6/6        EV:  9    Int:  6    God:    Dithmenos [......]
Gold:   85         SH: 10    Dex: 14    Spells: 5/5 levels left

rFire    . . .     SeeInvis .   a - +0 rapier
rCold    . . .     Gourm    .   c - +0 shield
rNeg     . . .     Faith    .   b - +0 scale mail
rPois    .         Spirit   .   (no helmet)
rElec    .         Reflect  .   (no cloak)
rCorr    .         Harm     .   (no gloves)
MR       .....                  i - +0 pair of boots
Stlth    ..........             (no amulet)
HPRegen  0.14/turn              (no ring)
MPRegen  0.10/turn              (no ring)

@: no status effects
A: small, mutation resistance 1
a: Renounce Religion


You were on level 4 of the Dungeon.
You worshipped Dithmenos.
Dithmenos was noncommittal.
You were not hungry.

You visited 1 branch of the dungeon, and saw 4 of its levels.

You collected 85 gold pieces.

Inventory:

Hand Weapons
 a - a +0 rapier (weapon)
Armour
 b - a +0 scale mail (worn)
 c - a +0 shield (worn)
 i - a +0 pair of boots (worn)
Jewellery
 g - a +3 ring of dexterity {unknown}
 j - an uncursed ring of protection from cold {unknown}
 t - an uncursed ring of wizardry {unknown}
 u - an uncursed amulet of the acrobat {unknown}
 v - a cursed ring of teleportation {unknown}
 B - a cursed -3 ring of strength {unknown}
Scrolls
 e - a scroll of enchant armour {unknown}
 k - a scroll of fear {unknown}
 l - 4 scrolls of teleportation {unknown}
 m - a scroll of remove curse {unknown}
 n - a scroll of noise {unknown}
 w - 2 scrolls of blinking {unknown}
 x - a scroll of identify {unknown}
 y - 2 scrolls of amnesia {unknown}
 C - a scroll of magic mapping {unknown}
Potions
 d - a potion of might
 h - a potion of agility {unknown}
 o - 2 potions of berserk rage {unknown}
 p - a potion of lignification {unknown}
 q - a potion of curing {unknown}
 r - a potion of ambrosia {unknown}
 s - a potion of cancellation {unknown}
 z - a potion of heal wounds {unknown}
Comestibles
 f - 5 rations
 A - 3 chunks of flesh


   Skills:
 + Level 3.8 Fighting
 + Level 4.1 Short Blades
 + Level 4.5 Armour
 + Level 4.5 Shields


You had 5 spell levels left.
You didn't know any spells.
Your spell library was empty.

Dungeon Overview and Level Annotations

Branches:
Dungeon (4/15)
 Temple: D:4-7

Altars:
Dithmenos
Fedhas
Nemelex Xobeh
Qazlal
Yredelemnul


Innate Abilities, Weirdness & Mutations

You are small and have problems with some larger weapons.
You are somewhat resistant to further mutation.


Message History

The bush is moderately damaged.
The centaur unwields a +0 shortbow.
The centaur hits you but does no damage.
You hit the bush but do no damage.
The bush is moderately damaged.
You block the centaur's attack. The centaur hits you.
* * * LOW HITPOINT WARNING * * *
You puncture the centaur!
The centaur is moderately wounded.
The centaur hits you.
* * * LOW HITPOINT WARNING * * *
You block the centaur's attack.
You hit the centaur.
The centaur is heavily wounded.
The centaur hits you.
* * * LOW HITPOINT WARNING * * *
You hit the centaur.
The centaur is severely wounded.
You block the centaur's attack. The centaur hits you.
You die...

###### #####....#####
##########..(((........
..............#cPPP.P.
#####.....##.#@P.P
#.######.#.PP_P #.#
#.#.PP P #.# #.#..P #.#
#.#... # #.# ...####
#.# #.# . #.#
####.#####...# #.#
#.......(..# #. #.#


You could see a centaur.

Vanquished Creatures
  A phantom (D:4)
  An orc wizard (D:3)
  4 adders
  An ooze (D:3)
  A worm (D:2)
  3 dart slugs
  A leopard gecko (D:1)
  4 orcs
  2 ball pythons
  7 bats
  A giant cockroach (D:1)
  8 goblins
  3 hobgoblins
  3 jackals (D:4)
  4 frilled lizards
  9 kobolds
  9 rats
  A spectral orc (D:3)
63 creatures vanquished.

Notes
Turn   | Place    | Note
-------+----------+-------------------------------------------
     0 | D:1      | Mrkan the Halfling Fighter began the quest for the Orb.
     0 | D:1      | Reached XP level 1. HP: 15/15 MP: 1/1
   151 | D:1      | Reached XP level 2. HP: 20/20 MP: 2/2
   514 | D:1      | Reached XP level 3. HP: 25/25 MP: 3/3
  1108 | D:2      | Found a shadowy altar of Dithmenos.
  1114 | D:2      | Became a worshipper of Dithmenos the Shadowed
  1405 | D:2      | Reached XP level 4. HP: 25/31 MP: 4/4
  1417 | D:2      | Found a faded altar of an unknown god.
  1491 | D:2      | Found a sparkling altar of Nemelex Xobeh.
  1909 | D:3      | Reached XP level 5. HP: 25/36 MP: 5/5
  1953 | D:3      | Found a stormy altar of Qazlal.
  2289 | D:3      | Found a basalt altar of Yredelemnul.
  2480 | D:4      | Noticed a phantom
  2521 | D:4      | Killed a phantom
  2521 | D:4      | Reached XP level 6. HP: 34/43 MP: 6/6
  2594 | D:4      | Found a blossoming altar of Fedhas.
  2616 | D:4      | Slain by a centaur

Levels and vault maps discovered:
D:1:      dpeg_arrival_signposts, layout_basic
D:2:      layout_basic, nemelex_xobeh_ov_fountains_minmay,
          grunt_dithmenos_smoke_and_mirrors, chequers_ecumenical_altar_simple,
          first_ration
D:3:      layout_loops_cross, yredelemnul_forgotten_temple_becter,
          nicolae_qazlal_general_emergency
D:4:      layout_loops_ring, fedhas_bush_and_centaur_altar

Skill      XL: |  1  2  3  4  5 |
---------------+----------------+-----
Fighting       | 3 |  3.8
Short Blades   | 3 4 |  4.1
Armour         | 4 |  4.5
Shields        | 4 |  4.5

Action                   |  1- 3 |  4- 6 || total
-------------------------+-------+-------++-------
Melee: Rapier            |   129 |   126 ||   255
  Eat: Chunk             |     1 |     5 ||     6
Armor: Scale mail        |    62 |    38 ||   100
Dodge: Dodged            |    54 |    44 ||    98
Block: Shield            |    72 |    58 ||   130
